 Dungeon Crawl Stone Soup version 0.27.0 (webtiles) character file.

Game seed: 15560750469537019170

109 mainiacjoe the Sneak (level 4, -3/22 HPs)
             Began as a Spriggan Arcane Marksman on July 31, 2021.
             Killed from afar by a white imp (9 damage)
             ... with a puff of frost
             ... on level 3 of the Dungeon.
             The game lasted 00:06:50 (2627 turns).

mainiacjoe the Sneak (Spriggan Arcane Marksman)     Turns: 2627, Time: 00:06:51

Health: -3/22      AC:  5    Str:  7    XL:     4   Next: 59%
Magic:  5/7        EV: 17    Int: 14    God:
Gold:   73         SH:  0    Dex: 15    Spells: 0/6 levels left

rFire    . . .     SeeInvis +   b - +0 hand crossbow
rCold    . . .     Faith    .   (shield restricted)
rNeg     . . .     Spirit   .   d - +0 robe
rPois    .         Reflect  .   (helmet restricted)
rElec    .         Harm     .   f - +2 cloak
rCorr    .         Rampage  .   (gloves unavailable)
Will     .....                  (boots unavailable)
Stlth    +++.......             (no amulet)
HPRegen  0.07/turn              (no ring)
MPRegen  0.10/turn              (no ring)

@: very quick
A: very small, no large weapons, unfitting armour, see invisible, speed 3
a: no special abilities


You were on level 3 of the Dungeon.
You visited 1 branch of the dungeon, and saw 3 of its levels.

You collected 73 gold pieces.

Inventory:

Hand Weapons
 a - a +0 short sword
 b - a +0 hand crossbow (weapon)
Missiles
 c - 50 bolts (quivered ammo)
 e - 23 arrows
 h - 44 stones
 m - 19 sling bullets
Armour
 d - a +0 robe (worn)
 f - a +2 cloak (worn)
Jewellery
 l - a ring of fire
Scrolls
 i - a scroll of enchant weapon {unknown}
 k - a scroll of vulnerability {unknown}
 n - a scroll of identify {unknown}
 o - a scroll of brand weapon {unknown}
 q - a scroll of teleportation {unknown}
Potions
 g - a potion of haste {unknown}
 j - 2 potions of flight {unknown}
 p - a potion of might {unknown}


   Skills:
 - Level 1.0 Fighting
 + Level 1.9 Short Blades
 + Level 2.9 Crossbows
 - Level 2.9 Dodging
 * Level 4.1 Stealth
 - Level 1.7 Spellcasting
 - Level 3.8 Hexes


You couldn't memorise any spells.
You knew the following spells:

 Your Spells              Type           Power      Damage    Failure   Level
a - Corona                Hex            12%        N/A       5%          1
b - Slow                  Hex            11%        N/A       8%          2
c - Inner Flame           Hex/Fire       6%         N/A       32%         3

Your spell library contained the following spells:

 Spells                   Type           Power      Damage    Failure   Level
 Portal Projectile        Hex/Tloc       12%        N/A       32%         3
 Cause Fear               Hex            5%         N/A       45%         4


Dungeon Overview and Level Annotations

Branches:
Dungeon (3/15)

Altars:


Innate Abilities, Weirdness & Mutations

You are very small and have problems with some larger weapons.
You are too small for most types of armour.
You have supernaturally acute eyesight. (SInv)
You cover ground extremely quickly. (Speed+++)


Message History

Casting: Slow (safe; 8% risk of failure)
Confirm with . or Enter, or press ? or * to list all spells.
Aiming: Slow (safe; 8% risk of failure)
Press: ? - help, Shift-Dir - straight line, f/p - white imp
Aim: a white imp (almost dead, chance to affect: 55%)
The white imp resists with significant effort.
The white imp hits you but does no damage.
You are too injured to fight recklessly!
You are too injured to fight recklessly!
You are too injured to fight recklessly!
Fire: 54 bolts
Press: ? - help, Q - select action, (/) - cycle Shift-Dir - straight line, f/p - white imp
Aim: a white imp (almost dead, 63% to hit)
You shoot a bolt. The bolt barely misses the white imp.
The white imp completely misses you.
Fire: 53 bolts
Press: ? - help, Q - select action, (/) - cycle Shift-Dir - straight line, f/p - white imp
Aim: a white imp (almost dead, 63% to hit)
You shoot a bolt.
The bolt hits the white imp but does no damage.
The white imp is almost dead.
The white imp gestures at you. The puff of frost hits you!
* * * LOW HITPOINT WARNING * * *
Fire: 52 bolts
Press: ? - help, Q - select action, (/) - cycle Shift-Dir - straight line, f/p - white imp
Aim: a white imp (almost dead, 63% to hit)
You shoot a bolt.
The bolt hits the white imp but does no damage.
The white imp is almost dead.
The white imp shouts, "Away with thee, thou loggerheaded motley-minded whey-face!"
The white imp closely misses you. The white imp completely misses you.
Fire: 51 bolts
Press: ? - help, Q - select action, (/) - cycle Shift-Dir - straight line, f/p - white imp
Aim: a white imp (almost dead, 63% to hit)
You shoot a bolt.
The bolt completely misses the white imp.
The white imp gestures at you. The puff of frost hits you!
You die...

#.# #.#
#.# #.#
#<# #.#
#.# #
#.#.##.#
#@.....#
#5.......
#(#.#####
(...#
....#
(.....
.....#
##....#


You could see a white imp.

Vanquished Creatures
  3 adders (D:2)
  4 gnolls
  A worm (D:2)
  A dart slug (D:1)
  4 ball pythons (D:1)
  2 bats
  4 endoplasms
  3 goblins
  4 hobgoblins
  3 jackals (D:2)
  3 kobolds
  2 quokkas
  3 frilled lizards
  3 rats
40 creatures vanquished.

Notes
Turn   | Place    | Note
-------+----------+-------------------------------------------
     0 | D:1      | mainiacjoe the Spriggan Arcane Marksman began the quest for
                  | the Orb.
     0 | D:1      | Reached XP level 1. HP: 9/9 MP: 3/3
   324 | D:1      | Reached skill level 1 in Fighting
   324 | D:1      | Reached XP level 2. HP: 7/14 MP: 5/5
   480 | D:1      | Learned a level 2 spell: Slow
   775 | D:1      | Reached skill level 1 in Stealth
  1587 | D:2      | Reached skill level 2 in Stealth
  1758 | D:1      | Reached skill level 1 in Short Blades
  1758 | D:1      | Reached XP level 3. HP: 18/18 MP: 1/6
  1872 | D:2      | Reached skill level 3 in Stealth
  1905 | D:2      | Reached XP level 4. HP: 22/22 MP: 7/7
  2034 | D:2      | Learned a level 3 spell: Inner Flame
  2440 | D:2      | Reached skill level 4 in Stealth
  2627 | D:3      | Killed from afar by a white imp

Illustrated notes

Levels and vault maps discovered:
D:1:      tarquinn_simple_flora_water_a, layout_loops_ring
D:2:      layout_rooms
D:3:      layout_loops_ring, portal_sewer_entry_f, uniq_terence, uniq_jessica,
          uniq_sigmund

Skill      XL: |  1  2  3  4 |
---------------+-------------+-----
Fighting       | 1 |  1.0
Stealth        | 2 3 4 |  4.1
Short Blades   | 1 |  1.9
Crossbows      | |  2.9
Dodging        | |  2.9
Spellcasting   | |  1.7
Hexes          | |  3.8

Action                   |  1- 3 |  4- 6 || total
-------------------------+-------+-------++-------
Melee: Short sword       |    91 |    39 ||   130
 Fire: Hand crossbow     |    31 |    17 ||    48
Throw: Stone             |    43 |    31 ||    74
 Cast: Slow              |     8 |     5 ||    13
       Corona            |     1 |       ||     1
 Stab: Sleeping          |     2 |       ||     2
Armor: Robe              |    29 |    11 ||    40
Dodge: Dodged            |    86 |    25 ||   111
